 Dungeon Crawl Stone Soup version 0.22-a0-348-gd16d139 (webtiles) character file.

114 BaronVonScrub the Sneak (level 4, -1/29 HPs)
             Began as an Octopode Assassin on Apr 7, 2018.
             Was an Initiate of Wu Jian.
             Splashed by an oklob plant's acid (5 damage)
             ... on level 3 of the Dungeon.
             The game lasted 00:11:22 (2134 turns).

BaronVonScrub the Sneak (Octopode Assassin)         Turns: 2134, Time: 00:11:23

Health: -1/29      AC:  1    Str: 10    XL:     4   Next: 97%
Magic:  4/4        EV: 29    Int: 13    God:    Wu Jian [......]
Gold:   124        SH:  0    Dex: 14    Spells: 3/3 levels left

rFire    . . .     SeeInvis .   a - +4 dagger
rCold    . . .     Gourm    .   (no shield)
rNeg     . . .     Faith    .   (helmet restricted)
rPois    .         Spirit   .   m - amulet of the acrobat
rElec    .         Reflect  .   e - ring of resist corrosion
rCorr    +         Harm     .   g - ring of wizardry
MR       .....                  (no ring)
Stlth    ++++......             (no ring)
HPRegen  0.09/turn              (no ring)
MPRegen  0.09/turn              (no ring)
                                (no ring)
                                (no ring)

@: no status effects
A: almost no armour, stealthy swim, amphibious, 8 rings, constrict 8, camouflage
1, gelatinous body 1
a: Renounce Religion


You were on level 3 of the Dungeon.
You worshipped Wu Jian.
Wu Jian was noncommittal.
You were hungry.

You visited 1 branch of the dungeon, and saw 3 of its levels.

You collected 124 gold pieces.

Inventory:

Hand Weapons
 a - a +4 dagger (weapon)
 b - a +0 blowgun
 h - a +0 short sword
Missiles
 c - 25 poisoned needles
 d - 2 curare-tipped needles
Armour
 k - a +0 cloak
Jewellery
 e - a ring of resist corrosion (left tentacle)
 g - a ring of wizardry (right tentacle)
 m - an amulet of the acrobat (around mantle)
Scrolls
 i - 5 scrolls of teleportation
Comestibles
 f - 12 rations


   Skills:
 - Level 2.0 Fighting
 - Level 2.0 Short Blades
 - Level 2.0 Throwing
 * Level 3.1 Dodging
 * Level 7.1 Stealth


You had 3 spell levels left.
You didn't know any spells.

Dungeon Overview and Level Annotations

Branches:
Dungeon (3/15)

Altars:
Fedhas
Ru
Uskayaw
Wu Jian

Annotations:
D:3 exclusion: oklob plant


Innate Abilities, Weirdness & Mutations

You cannot wear most types of armour.
You are very stealthy in the water. (Stealth+)
You are amphibious.
You can wear up to eight rings at the same time.
You can use your tentacles to constrict eight enemies at once.
Your skin changes colour to match your surroundings (Stealth+).
Your rubbery body absorbs attacks. (AC +1, EV +1)


Message History

You constrict the oklob plant.
You hit the oklob plant but do no damage.
You squeeze the oklob plant, but do no damage.
The oklob plant is lightly damaged.
You constrict the oklob plant, but do no damage.
You hit the oklob plant but do no damage.
The oklob plant is lightly damaged.
You constrict the oklob plant, but do no damage.
You hit the oklob plant but do no damage.
The oklob plant is lightly damaged.
You constrict the oklob plant, but do no damage.
The oklob plant spits acid at you. The splash of acid hits you! You resist.
You are splashed with acid!
The acid burns!
You resist.
You release your grip on the oklob plant.
The oklob plant spits acid at you. The splash of acid hits you! You resist.
* * * LOW HITPOINT WARNING * * *
You are splashed with acid!
The acid burns!
You resist.
You die...

.####......## #..#..##.# ##....#
..........## #.###.##.# #......
######...## #........# #.#####
##+## #####.#### #.##... #.# #.#
#.##.## ##### #.#
###################### .†..###.##
#P.P♣.P##P.P#PP♣P#P♣PP
###.##...###PPP.#.PP.P.P#PP#PPPP.
#.#......#PP..@.PP♣P♣


♣PPP♣#PP #.##...###P..P.PPPPP♣##.PP♣P♣#P #........###PP.##.......♣..PPP.
####..####P♣P.....≈≈.≈≈..P.P♣♣P #..####PPPPP..≈≈≈.≈≈≈..P.#PP
#.....#.P#P..≈≈≈≈.≈≈≈≈....P♣ ##.####PP♣P.≈≈≈≈≈.≈≈≈≈≈..PPP #.#
#PPPP.≈≈≈≈...≈≈≈≈.#P.P #.# #PP♣P.≈≈≈≈._.≈≈≈≈.PPPP You could see an oklob plant.

Vanquished Creatures
  A hound (D:2)
  2 adders
  An ooze (D:1)
  A worm (D:3)
  2 dart slugs (D:2)
  A leopard gecko (D:3)
  4 ball pythons
  10 bats
  6 giant cockroaches (D:1)
  4 goblins
  5 hobgoblins
  3 jackals (D:1)
  A quokka (D:2)
  2 frilled lizards
  3 kobolds
  8 rats
  A fungus (D:3)
  3 plants (D:3)
58 creatures vanquished.

Notes
Turn   | Place    | Note
-------+----------+-------------------------------------------
     0 | D:1      | BaronVonScrub the Octopode Assassin began the quest for the Orb.
     0 | D:1      | Reached XP level 1. HP: 14/14 MP: 1/1
    46 | D:1      | Reached XP level 2. HP: 19/19 MP: 2/2
   170 | D:1      | Reached skill level 6 in Stealth
   193 | D:1      | Reached XP level 3. HP: 23/24 MP: 3/3
   771 | D:2      | Found an ornate altar of the Wu Jian Council.
   879 | D:2      | Became a worshipper of the Wu Jian Council
   959 | D:2      | Reached XP level 4. HP: 27/29 MP: 4/4
  1186 | D:2      | Found a sacrificial altar of Ru.
  1361 | D:3      | Found a faded altar of an unknown god.
  1461 | D:3      | Found a sacrificial altar of Ru.
  1529 | D:3      | Reached skill level 7 in Stealth
  1827 | D:3      | Noticed a dagger
  1829 | D:3      | Noticed a hand axe
  1843 | D:3      | Found a hide-covered altar of Uskayaw.
  2022 | D:3      | Found a blossoming altar of Fedhas.
  2043 | D:3      | Noticed an oklob plant
  2134 | D:3      | Splashed by an oklob plant's acid

Vault maps used:
D:1:      onia_arrival_larder
D:2:      lemuel_doored_altar, lemuel_crystal_altar
D:3:      tgw_fedhas, dancing_weapons_uskayaw, chequers_ecumenical_altar_simple,
          first_ration, nicolae_ru_sacrificial_ziggurat, uniq_crazy_yiuf_cottage

Skill      XL: |  1  2  3  4 |
---------------+-------------+-----
Stealth        | 6 7 |  7.1
Dodging        | 2 3 |  3.1
Fighting       | |  2.0
Short Blades   | |  2.0
Throwing       | |  2.0

Action                   |  1- 3 |  4- 6 || total
-------------------------+-------+-------++-------
Melee: Dagger            |    76 |   102 ||   178
       Constrict         |    21 |    10 ||    31
       Tentacles         |    13 |    23 ||    36
Invok: Lunge             |     4 |     9 ||    13
  Use: Scroll            |     7 |     3 ||    10
       Potion            |     2 |     1 ||     3
 Stab: Sleeping          |     7 |    10 ||    17
       Distracted        |     2 |       ||     2
  Eat: Chunk             |       |     3 ||     3
Armor: Skin              |    10 |     1 ||    11
Dodge: Dodged            |    54 |     8 ||    62

Table legend:
 A = Spawn XP
 B = Non-spawn XP
 C = Spawn XP percentage of total XP
 D = Spawn monster count
 E = Non-spawn monster count
 F = Spawn count percentage of total count
 G = Total turns spent on level
                    A         B        C        D         E        F      G
               +---------+---------+-------+---------+---------+-------+---------
         Total |       0 |     163 |   0.0 |       0 |      54 |   0.0 |  2134
               +---------+---------+-------+---------+---------+-------+---------
           D:1 |       0 |      50 |   0.0 |       0 |      27 |   0.0 |   681
           D:2 |       0 |      80 |   0.0 |       0 |      17 |   0.0 |   630
           D:3 |       0 |      33 |   0.0 |       0 |      10 |   0.0 |   823
               +---------+---------+-------+---------+---------+-------+---------
